 Dungeon Crawl Stone Soup version 0.31.0-32-g396128a36d (webtiles) character file.

Game seed: 4165655034014777178

3607 creepster the Skirmisher (level 9, -1/90 HPs)
             Began as a Minotaur Hunter on Apr 11, 2024.
             Was a Priest of Okawaru.
             Slain by an unseen horror (7 damage)
             ... on level 11 of the Dungeon.
             The game lasted 01:04:31 (7101 turns).

creepster the Skirmisher (Minotaur Hunter)          Turns: 7101, Time: 01:04:32

Health: -1/90      AC:  6    Str: 15    XL:     9   Next: 86%
Magic:  6/8        EV: 19    Int: 12    God:    Okawaru [***...]
Gold:   443        SH:  0    Dex: 19    Spells: 8/8 levels left

rFire   + . .        n - +0 orcbow
rCold   + . .        (shield currently unavailable)
rNeg    . . .        J - +1 leather armour "Xuv Kyiv" {Regen+}
rPois   .            (helmet restricted)
rElec   .            M - scarf {rC+ rF+}
rCorr   .            j - +0 pair of gloves
SInv    .            (no boots)
Will    +....        v - amulet of the acrobat
Stlth   ++++         z - ring of willpower
HPRegen 1.15/turn    s - +6 ring of intelligence
MPRegen 0.11/turn

%: acrobat, clarity
@: heroic, hasted, very quick
A: horns 2, retaliatory headbutt, talons 1, clarity, robust 1
a: Renounce Religion, Heroism


You were on level 11 of the Dungeon.
You worshipped Okawaru.
Okawaru was most pleased with you.
You visited 1 branch of the dungeon, and saw 11 of its levels.

You collected 508 gold pieces.
You spent 65 gold pieces at shops.

Inventory:

Hand Weapons
 a - a +0 shortbow
 e - a +0 dagger
 h - a +0 short sword
 n - a +0 orcbow (weapon)
 t - a +0 rapier
 x - a +1 dagger of draining
 C - a +0 long sword
 O - a +1 scimitar of freezing
 Q - a +2 short sword of venom
Missiles
 g - 3 throwing nets
 i - 13 poisoned darts
 m - 2 curare-tipped darts
 o - 7 boomerangs
Armour
 c - a +0 leather armour
 j - a +0 pair of gloves (worn)
 J - the +1 leather armour "Xuv Kyiv" (worn) {Regen+}
   (You found it on level 5 of the Dungeon)

   Regen+:    It increases your rate of health regeneration.
 M - a scarf of resistance (worn)
 N - a +1 robe of cold resistance
 P - the +0 robe of Context {rCorr Archmagi}
   (You found it on level 10 of the Dungeon)

   rCorr:     It protects you from acid and corrosion.
   Archmagi:  It increases the power of your magical spells.
Jewellery
 f - a +6 ring of intelligence
 s - a +6 ring of intelligence (right hand)
 v - an amulet of the acrobat (around neck)
 y - a ring of magical power
 z - a ring of willpower (left hand)
Wands
 d - a wand of roots (14)
 u - a wand of paralysis (3)
 K - a wand of mindburst (15)
Scrolls
 b - a scroll of butterflies
 k - 6 scrolls of vulnerability
 q - a scroll of immolation
 E - a scroll of silence
 L - a scroll of poison
Potions
 l - 2 potions of enlightenment
 p - a potion of lignification
 r - a potion of attraction
 w - 3 potions of degeneration
 A - a potion of invisibility {unknown}
 B - a potion of cancellation {unknown}
 D - a potion of might {unknown}
 F - a potion of berserk rage {unknown}
 H - 2 potions of mutation
 I - 2 potions of haste


   Skills:
 * Level 8.4(13.4) Fighting
 + Level 12.4(17.4) Ranged Weapons
 - Level 0.6(5.6) Armour
 * Level 6.4(11.4) Dodging
 + Level 2.7(7.7) Stealth


You had 8 spell levels left.
You didn't know any spells.
Your spell library contained the following spells:

 Spells                   Type           Power      Damage    Failure   Level
 Magic Dart               Conj           0%         1d3       36%         1
 Ensorcelled Hibernation  Hex/Ice        0%         N/A       52%         2
 Mercury Vapours          Alch/Air       0%         N/A       52%         2
 Searing Ray              Conj           0%         2d4       52%         2
 Dazzling Flash           Conj/Hex       0%         N/A       75%         3
 Hailstorm                Conj/Ice       0%         3d5       75%         3
 Mephitic Cloud           Conj/Alch/Air  0%         N/A       75%         3
 Passwall                 Erth           0%         N/A       75%         3
 Swiftness                Air            0%         N/A       75%         3
 Fulminant Prism          Conj/Alch      0%         3d5       98%         4
 Curse of Agony           Necr           0%         N/A       100%        5
 Freezing Cloud           Conj/Ice/Air   0%         6-21      100%        5
 Silence                  Hex/Air        0%         N/A       100%        5
 Summon Ice Beast         Ice/Summ       Unusable   N/A       N/A         3
 Sculpt Simulacrum        Ice/Alch       Unusable   N/A       N/A         6

Dungeon Overview and Level Annotations

Branches:
Dungeon (11/15)            Temple (0/1) D:7             Orc (0/2) D:9
   Lair: D:8-11

Altars:
Okawaru
Ru
Uskayaw
Xom
Zin

Shops:
D:2 !   D:4 =

Annotations:
D:6 2 transporters, Doomgape's ghost, novice GrFi; Menkaure


Innate Abilities, Weirdness & Mutations

You have a pair of horns on your head.
You reflexively headbutt those who attack you in melee.
You have sharp toenails.
You possess an exceptional clarity of mind.
You are robust. (+10% HP)


Message History

Something barely misses you.
Fire: n) +0 orcbow
Press: ? - help, Q - select action, (/) - cycle Shift-Dir - straight line You shoot an arrow.
Something hits you. x2
* * * LOW HITPOINT WARNING * * *
Fire: n) +0 orcbow
Press: ? - help, Q - select action, (/) - cycle Shift-Dir - straight line You shoot an arrow.
Something barely misses you.
Fire: n) +0 orcbow
Press: ? - help, Q - select action, (/) - cycle Shift-Dir - straight line You shoot an arrow.
Something closely misses you.
Fire: n) +0 orcbow
Press: ? - help, Q - select action, (/) - cycle Shift-Dir - straight line You shoot an arrow.
Something hits you!
* * * LOW HITPOINT WARNING * * *
Fire: n) +0 orcbow
Press: ? - help, Q - select action, (/) - cycle Shift-Dir - straight line You shoot an arrow.
Something closely misses you. Something hits you.
* * * LOW HITPOINT WARNING * * *
Fire: n) +0 orcbow
Press: ? - help, Q - select action, (/) - cycle Shift-Dir - straight line You shoot an arrow.
Something hits you.
* * * LOW HITPOINT WARNING * * *
Fire: n) +0 orcbow
Press: ? - help, Q - select action, (/) - cycle Shift-Dir - straight line You shoot an arrow.
Something hits you!
* * * LOW HITPOINT WARNING * * *
You feel yourself speed up.
Fire: n) +0 orcbow
Press: ? - help, Q - select action, (/) - cycle Shift-Dir - straight line You shoot an arrow.
Something hits you!
You die...

# # #####################
#####...........@........
'.....###################
####### # #


There were no monsters in sight!

Vanquished Creatures
  A two-headed ogre (D:9)
  A shadow (D:9)
  A yak (D:9)
  3 wyverns
  A steam dragon (D:7)
  An orc warrior (D:9)
  A black bear (D:5)
  An ogre (D:7)
  2 centaurs
  2 phantoms
  A bullfrog (D:9)
  2 kobold brigands
  3 wights (D:9)
  12 killer bees
  A howler monkey (D:5)
  A jelly (D:8)
  A bombardier beetle (D:4)
  3 hounds
  An orc priest (D:6)
  3 iguanas
  5 orc wizards
  A sleepcap (D:6)
  5 gnolls
  12 adders
  A shadow imp (D:6)
  2 ufetubi (D:5)
  2 ribbon worms
  14 orcs
  3 endoplasms
  A giant cockroach (D:3)
  7 goblins
  6 hobgoblins
  15 kobolds
  10 quokkas
  4 ball pythons
  6 bats
  4 rats
140 creatures vanquished.

Notes
Turn   | Place    | Note
-------+----------+-------------------------------------------
     0 | D:1      | creepster the Minotaur Hunter began the quest for the Orb.
     0 | D:1      | Reached XP level 1. HP: 18/18 MP: 0/0
   295 | D:1      | Found a faded altar of an unknown god.
   382 | D:1      | Reached XP level 2. HP: 20/25 MP: 1/1
   564 | D:1      | Gained mutation: You have sharp toenails. [potion of
                  | mutation]
   564 | D:1      | Gained mutation: You are robust. (+10% HP) [potion of
                  | mutation]
   564 | D:1      | Gained mutation: You possess an exceptional clarity of
                  | mind. [potion of mutation]
   791 | D:2      | Found Paymeng's Distillery.
   797 | D:2      | Reached skill level 1 in Stealth
   816 | D:2      | Bought a potion of heal wounds for 65 gold pieces
   854 | D:2      | Reached skill level 5 in Ranged Weapons
   919 | D:2      | Reached XP level 3. HP: 33/33 MP: 2/2
  1668 | D:3      | Reached XP level 4. HP: 41/41 MP: 3/3
  1842 | D:3      | You fall into a shaft and drop 3 floors!
  1859 | D:6      | Noticed a kobold brigand
  1901 | D:6      | Found a transporter.
  1905 | D:6      | Found a transporter.
  1906 | D:6      | Noticed Doomgape's ghost (novice GrFi)
  1925 | D:5      | Entered Level 5 of the Dungeon
  2071 | D:3      | Reached skill level 6 in Ranged Weapons
  2111 | D:3      | Reached XP level 5. HP: 49/49 MP: 4/4
  3023 | D:4      | Found a shimmering altar of Xom.
  3023 | D:4      | Found a hide-covered altar of Uskayaw.
  3080 | D:4      | Reached XP level 6. HP: 50/57 MP: 5/5
  3100 | D:4      | Found a glowing silver altar of Zin.
  3157 | D:4      | Reached skill level 7 in Ranged Weapons
  3226 | D:4      | Found Mallem's Jewellery Emporium.
  3640 | D:5      | Reached XP level 7. HP: 64/64 MP: 6/6
  3707 | D:5      | Identified the +1 leather armour "Xuv Kyiv" {Regen+}
  3920 | D:5      | Found an iron altar of Okawaru.
  3964 | D:5      | Became a worshipper of Warmaster Okawaru
  4185 | D:5      | Reached skill level 8 in Ranged Weapons
  4578 | D:6      | Noticed a queen bee
  4656 | D:6      | Found a sacrificial altar of Ru.
  4846 | D:6      | Noticed Menkaure
  4851 | D:6      | Reached * piety under Okawaru
  4887 | D:7      | Reached skill level 9 in Ranged Weapons
  4898 | D:7      | Reached XP level 8. HP: 63/73 MP: 7/7
  4953 | D:7      | Found a staircase to the Ecumenical Temple.
  4963 | D:7      | Reached skill level 5 in Fighting
  5562 | D:7      | Reached skill level 10 in Ranged Weapons
  5662 | D:8      | Reached ** piety under Okawaru
  5663 | D:8      | Reached skill level 5 in Dodging
  5739 | D:8      | Reached skill level 11 in Ranged Weapons
  5816 | D:9      | Reached XP level 9. HP: 82/82 MP: 8/8
  6186 | D:9      | Noticed a two-headed ogre
  6198 | D:9      | Killed a two-headed ogre
  6198 | D:9      | Reached *** piety under Okawaru
  6199 | D:9      | Reached skill level 12 in Ranged Weapons
  6317 | D:9      | Found a staircase to the Orcish Mines.
  6561 | D:10     | Entered Level 10 of the Dungeon
  6702 | D:10     | Identified the +0 robe of Context {rCorr Archmagi}
  6934 | D:11     | Noticed a cyclops
  7043 | D:11     | Noticed a cyclops
  7101 | D:11     | Slain by an unseen horror

Illustrated notes

Levels and vault maps discovered:
D:1:      giann_forest_graveyard, layout_basic,
          ebering_ecumenical_altar_petrified
D:2:      layout_loops_ring, serial_shops, nicolae_shop_window_shopping,
          minmay_hexomino_u4
D:3:      layout_loops_ring, serial_rivers, chequers_serial_rivers_micro_d,
          chequers_serial_rivers_small_3, chequers_serial_rivers_marsh,
          chequers_serial_rivers_small_3
D:4:      wad_woods_stonehenge, layout_basic, nicolae_overflow_two_pavilions,
          serial_shops, nicolae_shop_tiny_waterfront
D:5:      layout_basic, mainiacjoe_overflow_tiny_flanked
D:6:      layout_loops_cross, nicolae_ru_path_of_blood, gammafunk_ghost_hive,
          uniq_menkaure
D:7:      layout_basic, minmay_temple_entry_large_hall
D:8:      layout_basic, due_lair_maze_entry_diamond, uniq_jeremiah, uniq_maggie,
          uniq_joseph, uniq_grum, uniq_erica, uniq_psyche
D:9:      layout_irregular_city, orc_0_dummy
D:10:     layout_irregular_city
D:11:     layout_roguey, uniq_fannar, uniq_nergalle

Skill      XL: |  1  2  3  4  5  6  7  8  9 |
---------------+----------------------------+-----
Stealth        | 1 2 |  2.7
Ranged Weapons | 5 6 7 9 11 12 | 12.4
Fighting       | 3 4 6 8 |  8.4
Dodging        | 3 4 5 6 |  6.4
Armour         | |  0.6

Action                     |  1- 3 |  4- 6 |  7- 9 || total
---------------------------+-------+-------+-------++-------
   Fire: Shortbow          |   104 |   211 |       ||   315
         Orcbow            |       |     7 |   308 ||   315
 Invoke: Heroism           |       |       |     1 ||     1
  Evoke: Wand              |       |       |     8 ||     8
    Use: Scroll            |     6 |     1 |    12 ||    19
         Potion            |     2 |     5 |     5 ||    12
 Armour: Leather armour    |    24 |    60 |   120 ||   204
         Skin              |       |       |     3 ||     3
  Dodge: Dodged            |    31 |    67 |   151 ||   249
